 Dungeon Crawl Stone Soup version 0.27.1-2-g3b301248ec (webtiles) character file.

Game seed: 4677239276648506341

174 DoubleLucky the Caller (level 5, 0/28 HPs)
             Began as a Tengu Summoner on Sept 26, 2021.
             Succumbed to a kobold brigand's curare-tipped dart
             ... in a sewer.
             The game lasted 00:14:26 (3186 turns).

DoubleLucky the Caller (Tengu Summoner)             Turns: 3186, Time: 00:14:27

Health: 0/28       AC:  5    Str: 10    XL:     5   Next: 54%
Magic:  0/12       EV: 14    Int: 15    God:
Gold:   66         SH:  0    Dex: 14    Spells: 6/12 levels left

rFire    . . .     SeeInvis .   a - +1 dagger (elec)
rCold    . . .     Faith    .   (no shield)
rNeg     . . .     Spirit   .   l - +2 robe
rPois    .         Reflect  .   (helmet restricted)
rElec    .         Harm     .   (no cloak)
rCorr    .         Rampage  .   i - +0 pair of gloves
Will     .....                  (boots unavailable)
Stlth    ++........             (no amulet)
HPRegen  0.09/turn              d - ring of wizardry
MPRegen  0.13/turn              (no ring)

@: brilliant, lethally poisoned (0 -> -14), flying quickly and evasively,
slowed, very slow
A: beak, talons 3, nimble flight
a: no special abilities


You were in a sewer.
You visited 1 branch of the dungeon, and saw 3 of its levels.
You also visited: Sewer.

You collected 66 gold pieces.

Inventory:

Hand Weapons
 a - a +1 dagger of electrocution (weapon)
 b - a +0 dagger
Missiles
 h - 8 poisoned darts (quivered)
Armour
 i - a +0 pair of gloves (worn)
 l - a +2 robe (worn)
Jewellery
 d - a ring of wizardry (left hand)
Scrolls
 e - a scroll of teleportation
 g - a scroll of summoning {unknown}
 k - a scroll of enchant armour {unknown}
Potions
 c - a potion of brilliance
 f - a potion of flight {unknown}
 j - a potion of mutation {unknown}


   Skills:
 - Level 2.1 Dodging
 - Level 2.0 Stealth
 + Level 4.1 Spellcasting
 - Level 6.3 Summonings


You had 6 spell levels left.
You knew the following spells:

 Your Spells              Type           Power      Damage    Failure   Level
a - Summon Small Mammal   Summ           100%       N/A       1%          1
b - Call Imp              Summ           33%        N/A       1%          2
c - Call Canine Familiar  Summ           33%        N/A       1%          3

Your spell library contained the following spells:

 Spells                   Type           Power      Damage    Failure   Level
 Summon Guardian Golem    Hex/Summ       18%        N/A       6%          3
 Beastly Appendage        Tmut           8%         N/A       8%          1
 Wereblood                Tmut           4%         N/A       11%         2
 Summon Lightning Spire   Summ/Air       18%        N/A       19%         4
 Spider Form              Tmut/Pois      2%         N/A       21%         3


Dungeon Overview and Level Annotations

Branches:
Dungeon (3/15)              Sewer (1/1)

Altars:
Nemelex Xobeh


Innate Abilities, Weirdness & Mutations

You have a beak for a mouth.
You have claws for feet.
Your magical nature lets you fly swiftly and evasively.


Message History

The kobold brigand hits your hound with a +0 club.
Your hound dies!
Your hound's corpse disappears in a puff of smoke!
Your crimson imp blinks!
Casting: Call Canine Familiar (safe; 1% risk of failure)
Confirm with . or Enter, or press ? or * to list all spells.
The kobold brigand throws a curare-tipped dart.
The curare-tipped dart barely misses your rat.
The curare-tipped dart hits you.
You are poisoned.
You have difficulty breathing.
You feel yourself slow down.
Your crimson imp hits the kobold brigand.
You feel sick.
The stone closely misses your crimson imp.
A stone appears from out of your range of vision.
The kobold brigand hits your rat with a +0 club.
Your rat dies!
Your rat's corpse disappears in a puff of smoke!
Your crimson imp hits the kobold brigand but does no damage.
Casting: Summon Small Mammal (safe; 1% risk of failure)
Confirm with . or Enter, or press ? or * to list all spells.
You feel sick.
You are no longer poisoned.
The kobold brigand throws a curare-tipped dart.
The curare-tipped dart closely misses you.
The curare-tipped dart hits your rat.
Your rat is poisoned.
Your rat convulses.
Your rat dies!
Your rat's corpse disappears in a puff of smoke!
Your crimson imp closely misses the kobold brigand.
The kobold brigand throws a curare-tipped dart.
The curare-tipped dart hits you.
You are poisoned.
You have difficulty breathing.
* * * LOW HITPOINT WARNING * * *
You feel as though you will be slow longer.
Your crimson imp hits the kobold brigand.
It was a potion of brilliance.
You feel clever all of a sudden.
You die...

..≈≈≈≈≈≈≈≈≈§≈≈≈≈≈≈≈≈≈≈≈≈≈≈≈
.#.h≈≈≈≈≈≈≈≈≈≈≈≈≈≈≈≈≈≈≈≈###
#..K≈≈≈≈†≈.≈.....#######
#.5K.K.≈≈)≈#######
#########5## #5# #K# #≈#
#@# #≈# #§# #≈# #≈# #≈# #≈#
#≈# #≈#


You could see a kobold brigand (ally target) and 2 friendly crimson imps.

Vanquished Creatures
  Sigmund (D:3)
  2 river rats
  A ball python (D:1)
  4 endoplasms
  3 goblins
  3 bats (D:1)
  2 frilled lizards
  A kobold (D:1)
  4 rats
  A spectral goblin (D:2)
22 creatures vanquished.

Vanquished Creatures (collateral kills)
  2 adders (D:2)
  A river rat (Sewer)
  A worm (D:3)
  2 dart slugs (D:1)
  2 bats (D:1)
  4 endoplasms (D:1)
  2 goblins (D:1)
  3 hobgoblins
  5 jackals
  11 kobolds
  3 quokkas
  6 ball pythons
  4 rats
46 creatures vanquished.

Vanquished Creatures (others)
  6 fungi (D:3)
6 creatures vanquished.

Grand Total: 74 creatures vanquished

Notes
Turn   | Place    | Note
-------+----------+-------------------------------------------
     0 | D:1      | DoubleLucky the Tengu Summoner began the quest for the Orb.
     0 | D:1      | Reached XP level 1. HP: 10/10 MP: 4/4
   107 | D:1      | Reached skill level 5 in Summonings
   173 | D:1      | Reached XP level 2. HP: 15/15 MP: 1/6
   875 | D:1      | Learned a level 2 spell: Call Imp
   915 | D:1      | Reached XP level 3. HP: 6/19 MP: 4/7
  1178 | D:1      | Reached skill level 6 in Summonings
  2312 | D:2      | Learned a level 3 spell: Call Canine Familiar
  2454 | D:2      | Found a faded altar of an unknown god.
  2666 | D:3      | Found a sparkling altar of Nemelex Xobeh.
  2703 | D:3      | Noticed Sigmund
  2718 | D:3      | Killed Sigmund
  2719 | D:3      | Reached XP level 4. HP: 20/24 MP: 1/10
  2719 | D:3      | Gained mutation: Your magical nature lets you fly swiftly
                  | and evasively. [Tengu growth]
  2719 | D:3      | Reached XP level 5. HP: 24/28 MP: 1/11
  2835 | D:3      | Found a glowing drain.
  2922 | Sewer    | Entered a sewer
  3147 | Sewer    | Noticed a kobold brigand
  3186 | Sewer    | Succumbed to a kobold brigand's curare-tipped dart

Illustrated notes

Levels and vault maps discovered:
D:1:      lemuel_arrival_broad_hall, layout_loops_ring, st_stairs_9
D:2:      layout_basic, dreamdust_ecumenical_altar_drowned_temple,
          minmay_tromino_v4_b
D:3:      layout_rooms, old_standard_altar, mainiacjoe_overflow_cross_hatched,
          overflow_temple_1_default, portal_sewer_entry_b, uniq_robin,
          uniq_sigmund, uniq_jessica
Sewer:    sewer_kobolds

Skill      XL: |  1  2  3  4  5 |
---------------+----------------+-----
Summonings     | 5 6 |  6.3
Spellcasting   | 3 4 |  4.1
Dodging        | |  2.1
Stealth        | |  2.0

Action                   |  1- 3 |  4- 6 || total
-------------------------+-------+-------++-------
Melee: Kick              |    11 |     1 ||    12
       Unarmed           |     2 |       ||     2
       Dagger            |    47 |    15 ||    62
       Peck              |     5 |     2 ||     7
 Cast: Summon Small Mamm |    48 |     9 ||    57
       Call Imp          |    10 |     3 ||    13
       Call Canine Famil |     4 |     6 ||    10
  Use: Scroll            |     1 |       ||     1
       Potion            |       |     1 ||     1
 Stab: Sleeping          |     4 |     1 ||     5
Armor: Robe              |    13 |     2 ||    15
Dodge: Dodged            |    44 |    11 ||    55
